 Dungeon Crawl Stone Soup version bcrawl-1.39.1 (webtiles) character file.

Game seed: 4589957073777744395

530898 Finalfun the Bludgeoner (level 15, -5/134 HPs)
             Began as a Minotaur Archaeologist on Sept 26, 2023.
             Was the Champion of Wu Jian.
             Slain by an orc warrior
             ... wielding a +0 trident
              (15 damage)
             ... in the Orcish Mines.
             The game lasted 01:00:49 (21667 turns).

Finalfun the Bludgeoner (Minotaur Archaeologist)   Turns: 21667, Time: 01:00:50

Health: -5/134     AC: 21    Str: 20    XL:     15   Next: 51%
Magic:  20/20      EV: 10    Int: 11    God:    Wu Jian [******]
Gold:   808        SH: 13    Dex: 11    Spells: 14/14 levels left

rFire    . . .     GDR:     33% a - +2 whip (elec)
rCold    . . .     SeeInvis .   h - +1 medium shield {reflect}
rNeg     . . .     Gourm    .   v - +0 chain mail
rPois    +         Faith    +   d - +1 hat
rElec    .         Spirit   .   S - +2 cloak
rCorr    .         Reflect  +   k - +0 pair of gloves
MR       ++...                  s - +1 pair of boots
Stlth    ..........             H - amulet of faith
HPRegen  0.32/turn              q - ring of poison resistance
MPRegen  0.17/turn              o - ring of protection from magic

@: very slightly contaminated, glowing, heavenly storm
A: retaliatory headbutt, horns 2
a: Wall Jump, Serpent's Lash, Heavenly Storm, Renounce Religion


You were in the Orcish Mines.
You worshipped Wu Jian.
Wu Jian was exalted by your worship.
You were near starving.

You visited 3 branches of the dungeon, and saw 19 of its levels.
You also visited: Sewer.

You collected 1578 gold pieces.
You spent 770 gold pieces at shops.

Inventory:

Hand Weapons
 a - a +2 whip of electrocution (weapon)
Missiles
 F - 2 throwing nets {=f}
 M - 163 poisoned tomahawks (quivered)
Armour
 d - a +1 hat (worn)
 h - a +1 medium shield of reflection (worn)
 k - a +0 pair of gloves (worn)
 s - a +1 pair of boots (worn)
 v - a +0 chain mail (worn)
 S - a +2 cloak (worn)
Jewellery
 o - a ring of protection from magic (right hand)
 q - a ring of poison resistance (left hand)
 r - an uncursed ring of insulation
 H - an amulet of faith (around neck)
 V - an uncursed ring of protection from cold
Wands
 G - a wand of digging (17)
 U - a wand of acid (12)
 X - a wand of flame (27)
Scrolls
 j - 15 scrolls of remove curse
 l - 2 scrolls of enchant armour
 n - a scroll of amnesia
 w - 9 scrolls of teleportation
 x - 2 scrolls of immolation
 A - 5 scrolls of fear
 C - 3 scrolls of blinking
 I - a scroll of vulnerability {unknown}
 K - 5 scrolls of fog
 Q - 3 scrolls of summoning {unknown}
 Z - 3 scrolls of enchant weapon {unknown}
Potions
 c - 2 potions of cancellation
 g - 6 potions of flight
 t - 5 potions of curing
 u - 4 potions of resistance
 y - a potion of degeneration {unknown}
 z - 6 potions of brilliance
 B - 6 potions of lignification
 D - a potion of agility
 E - 2 potions of might
 L - a potion of invisibility {unknown}
 N - 2 potions of berserk rage
 O - 2 potions of mutation
 P - 2 potions of haste {unknown}
 R - 2 potions of ambrosia {unknown}
 T - 3 potions of magic {unknown}
Miscellaneous
 m - a fan of gales (2/2)
 p - a box of beasts
 J - a lightning rod (4/4)
 Y - a sack of spiders
Comestibles
 e - 38 rations {!d}


   Skills:
 + Level 12.5 Fighting
 - Level 18.0 Maces & Flails
 + Level 12.5 Armour
 + Level 11.8 Dodging
 - Level 3.0 Stealth
 + Level 12.5 Shields
 - Level 9.0 Evocations


You had 14 spell levels left.
You didn't know any spells.
Your spell library contained the following spells:

 Spells                   Type           Power        Failure   Level  Hunger
 Flame Tongue             Conj/Fire      #....        100%        1    None
 Slow                     Hex            #.......     100%        1    None
 Ensorcelled Hibernation  Hex/Ice        #.....       100%        2    ####...
 Flaming Arrows           Chrm/Fire      #.......     100%        2    ####...
 Confuse                  Hex            #.......     100%        3    #####..
 Conjure Flame            Conj/Fire      #.......     100%        3    #####..
 Dazzling Orbs            Conj/Hex       #......      100%        3    #####..
 Inner Flame              Hex/Fire       N/A          100%        3    #####..
 Tukima's Dance           Hex            #.......     100%        3    #####..
 Cause Fear               Hex            #.........   100%        4    ######.
 Sticky Flame             Conj/Fire      #.......     100%        4    ######.
 Fireball                 Conj/Fire      #.........   100%        5    #######
 Freezing Cloud           Ice/Air        #.......     100%        5    #######
 Metabolic Englaciation   Hex/Ice        #.........   100%        5    #######
 Bolt of Cold             Conj/Ice       #.........   100%        6    #######
 Ozocubu's Refrigeration  Ice            #.........   100%        6    #######
 Simulacrum               Ice/Necr       #.......     100%        6    #######


Dungeon Overview and Level Annotations

Branches:
Dungeon (12/12)            Temple (0/1) D:6            Lair (6/6) D:9
 Shoals (0/3) Lair:2        Snake (0/3) Lair:2        Slime (0/5) Orc
    Orc (1/1) D:8             Elf (0/3) Lair:5       Vaults (0/3) D:12
 Depths (0/5) D:12

Altars:
Kikubaaqudgha
Makhleb
Okawaru
Wu Jian
Yredelemnul
Jiyva

Shops:
D:5 }   D:7 [   D:8 (=   D:9 %   D:10 *   D:11 }

Annotations:
D:7 2 transporters, Finalfun's ghost, novice DrFE
D:8 3 runed translucent doors, klichko's ghost, novice TrBe
D:9 3 runed translucent doors, Exe's ghost, novice MiAc
Lair:2 1 runed door
Lair:6 1 runed translucent door, Burana's ghost, journeyman VSAc


Innate Abilities, Weirdness & Mutations

You reflexively headbutt those who attack you in melee.
You have a pair of horns on your head.


Message History

As you read the scroll of blinking, it crumbles to dust.
The ynoxinul gestures.
You spin and attack the ynoxinul repeatedly.
You whack the ynoxinul!
The ynoxinul is moderately wounded.
You whack the ynoxinul! You headbutt the ynoxinul!
You kill the ynoxinul!
The ufetubus disappears in a puff of smoke! x2
The orc warrior barely misses you. The orc high priest closely misses you.
The orc warrior hits you from afar with a +0 trident.
* * * LOW HITPOINT WARNING * * *
You block the orc warrior's attack.
You hear a shout! x3
The orc high priest hits you from afar with a +0 halberd.
* * * LOW HITPOINT WARNING * * *
There is a staircase back to the Dungeon here.
You hear a shout!
The orc warrior hits you from afar with a +0 trident!
You die...

..............$##
...................##
.................$..#
....>........)).....##
#..._.#.....))........
.##o.........))......##
..........§§§§§...#...#
..........§§§§§....#.#.
........○)§§@§☼$......
.....§☼§4§o§§§§$......
.....§§o§§oo§☼§....#...
.....§☼§☼o☼☼☼☼§........
.....☼§§§§☼§☼§§.......
.....§☼☼§§§§☼☼.......^
.....§§☼§☼☼☼.......##
..................##
................###


You could see an orc warlord, an orc high priest and an orc warrior.

Vanquished Creatures
  A sphinx (Lair:2)
  8 hydras
  A yaktaur captain (D:12)
  A rakshasa (D:12)
  3 two-headed ogres
  19 death yaks
  2 tengu warriors
  An anaconda (Lair:6)
  An orc high priest (Orc)
  Nergalle (Lair:1)
  An iron troll (D:12)
  5 centaur warriors
  3 skeletal warriors (D:10)
  An unseen horror (D:9)
  3 cyclopes (D:12)
  A wolf spider zombie (D:12)
  Pikel (D:8)
  4 anaconda skeletons (Lair:2)
  A phantasmal warrior (D:12)
  2 lindwurms
  3 orc knights (Orc)
  A deep elf mage (D:11)
  2 orc sorcerers (Orc)
  An ugly thing (D:12)
  11 elephants
  Joseph (D:8)
  8 black mambas
  8 cane toads
  A cane toad (shapeshifter) (D:12)
  A gargoyle (D:10)
  4 rime drakes
  7 komodo dragons
  2 ice devils (Lair:4)
  4 trolls
  2 tengu conjurers
  A merfolk (shapeshifter) (D:8)
  5 hornets (Lair:6)
  5 harpy skeletons
  A wind drake (shapeshifter) (D:12)
  4 blink frogs (Lair:3)
  5 polar bears
  A meliai zombie (D:8)
  10 slime creatures
  8 dream sheep (Lair:6)
  10 hippogriffs
  12 spriggans
  2 wraiths
  A vampire (D:12)
  45 yaks
  A black mamba skeleton (D:10)
  2 wyverns
  A human (D:11)
  9 basilisks
  3 hogs (D:11)
  4 wargs (Orc)
  2 hungry ghosts
  2 vampire mosquitoes (D:10)
  2 acid dragons
  9 crocodiles
  25 water moccasins
  An ice beast (D:12)
  3 sky beasts
  16 porcupines
  4 black bears
  3 hornet zombies
  11 orc warriors
  A soldier ant (D:11)
  A necrophage (D:6)
  16 wolves (Lair:6)
  8 boggarts
  9 ogres
  11 bullfrogs
  6 kobold brigands
  A gnoll sergeant (D:11)
  10 centaurs
  4 scorpions
  16 killer bees
  16 wights
  5 orc priests
  5 electric eels (D:10)
  6 crimson imps
  A bullfrog zombie (D:6)
  3 human zombies (D:9)
  3 bullfrog skeletons
  4 hounds
  3 orc wizards
  3 iguanas
  3 human skeletons (D:9)
  5 worker ants
  An ogre zombie (D:9)
  4 hound skeletons
  2 hound zombies
  A mummy (D:9)
  Robin (D:3)
  A howler monkey zombie (D:5)
  11 gnolls
  24 adders
  4 shadow imps
  4 oozes
  3 worms
  A dart slug (D:1)
  5 leopard geckos
  34 orcs
  8 bats
  5 giant cockroaches
  9 hobgoblins
  3 jackals (D:5)
  25 kobolds
  7 quokkas
  3 ball pythons (Sewer)
  2 frilled lizards (D:2)
  12 goblins
  An orc zombie (D:9)
  12 rats
  A butterfly (Lair:4)
648 creatures vanquished.

Vanquished Creatures (others)
  A centaur warrior (D:12)
  An orc warrior (D:8)
  4 slaves (D:8)
  A killer bee (D:11)
  A gnoll (D:10)
  An orc (D:5)
  3 kobolds
  33 fungi
  13 plants
58 creatures vanquished.

Grand Total: 706 creatures vanquished

Notes
Turn   | Place    | Note
-------+----------+-------------------------------------------
     0 | D:1      | Finalfun the Minotaur Archaeologist began the quest for the
                  | Orb.
     0 | D:1      | Reached XP level 1. HP: 16/16 MP: 0/0
    71 | D:1      | Reached XP level 2. HP: 21/24 MP: 1/1
    73 | D:1      | Reached skill level 1 in Armour
   386 | D:1      | Reached skill level 2 in Maces & Flails
   676 | D:2      | Reached XP level 3. HP: 25/29 MP: 2/2
   795 | D:2      | Found an ornate altar of the Wu Jian Council.
   804 | D:2      | Became a worshipper of the Wu Jian Council
  1019 | D:2      | Reached skill level 3 in Maces & Flails
  1034 | D:2      | Found a basalt altar of Yredelemnul.
  1624 | D:3      | Noticed Robin
  1642 | D:3      | Killed Robin
  1643 | D:3      | Reached XP level 4. HP: 32/36 MP: 3/3
  1687 | D:3      | Reached skill level 4 in Maces & Flails
  1957 | D:3      | Found a burning altar of Makhleb.
  1965 | D:3      | Reached skill level 5 in Maces & Flails
  1965 | D:3      | Reached XP level 5. HP: 37/41 MP: 4/4
  1965 | D:3      | Identified a scroll of acquirement
  1965 | D:3      | Identified the ring "Utun" {+Inv +Fly} (You acquired it on
                  | level 3 of the Dungeon)
  2520 | D:4      | Noticed a sky beast
  2524 | D:4      | Reached * piety under Wu Jian
  2604 | D:4      | Reached skill level 1 in Shields
  2629 | D:4      | Noticed an ogre
  2638 | D:4      | Killed an ogre
  2639 | D:4      | Reached XP level 6. HP: 27/48 MP: 5/5
  2791 | D:4      | Killed a sky beast
  2792 | D:4      | Reached skill level 6 in Maces & Flails
  2913 | D:4      | Reached skill level 5 in Shields
  2937 | D:4      | Reached XP level 7. HP: 55/55 MP: 6/6
  3082 | D:4      | Noticed a hungry ghost
  3090 | D:4      | Killed a hungry ghost
  3190 | D:5      | Entered Level 5 of the Dungeon
  3245 | D:5      | Reached skill level 5 in Dodging
  3557 | D:5      | Reached ** piety under Wu Jian
  3824 | D:5      | Reached XP level 8. HP: 49/61 MP: 7/7
  3857 | D:5      | Found Sonaa's Gadget Shop.
  3986 | D:6      | Reached skill level 5 in Armour
  4214 | D:6      | Found a staircase to the Ecumenical Temple.
  4234 | D:6      | Found a glowing drain.
  4303 | Sewer    | Entered a sewer
  4409 | Sewer    | Reached skill level 5 in Fighting
  4540 | Sewer    | Reached *** piety under Wu Jian
  4923 | D:6      | Reached skill level 7 in Maces & Flails
  4923 | D:6      | Reached XP level 9. HP: 64/75 MP: 8/8
  5587 | D:7      | Reached skill level 8 in Maces & Flails
  5666 | D:7      | Found an iron altar of Okawaru.
  5747 | D:7      | Found Nuegh's Antique Armour Boutique.
  5767 | D:7      | Noticed a troll
  5775 | D:7      | Killed a troll
  5776 | D:7      | Reached skill level 9 in Maces & Flails
  5836 | D:7      | Reached skill level 10 in Maces & Flails
  6009 | D:7      | Found a transporter.
  6023 | D:7      | Found a transporter.
  6024 | D:7      | Noticed Finalfun's ghost (novice DrFE)
  6494 | D:8      | Reached skill level 1 in Evocations
  6683 | D:8      | Reached skill level 11 in Maces & Flails
  6685 | D:8      | Found Eliri's Jewellery Boutique.
  6735 | D:8      | Found a runed translucent gate.
  6739 | D:8      | Found a runed translucent gate.
  6740 | D:8      | Found a runed translucent gate.
  6741 | D:8      | Noticed a merfolk
  6741 | D:8      | Noticed klichko's ghost (novice TrBe)
  6753 | D:8      | Killed a merfolk
  6808 | D:8      | Reached **** piety under Wu Jian
  6809 | D:8      | Reached XP level 10. HP: 50/83 MP: 11/11
  6918 | D:8      | Noticed Joseph
  6918 | D:8      | Noticed Pikel
  6933 | D:8      | Killed Pikel
  6941 | D:8      | Killed Joseph
  6978 | D:8      | Reached skill level 12 in Maces & Flails
  7046 | D:8      | Reached skill level 5 in Evocations
  7313 | D:8      | Reached skill level 13 in Maces & Flails
  7385 | D:8      | Found Zips's Weapon Shop.
  7385 | D:8      | Found a staircase to the Orcish Mines.
  7549 | D:5      | Bought a fan of gales (2/2) for 330 gold pieces
  7549 | D:5      | Bought a lightning rod (4/4) for 440 gold pieces
  7915 | D:9      | Killed an unseen horror
  7916 | D:9      | Reached XP level 11. HP: 62/89 MP: 14/14
  8000 | D:9      | Reached ***** piety under Wu Jian
  8030 | D:9      | Noticed a two-headed ogre
  8038 | D:9      | Killed a two-headed ogre
  8039 | D:9      | Reached skill level 14 in Maces & Flails
  8128 | D:9      | Found a staircase to the Lair.
  8423 | D:9      | Found an ancient bone altar of Kikubaaqudgha.
  8734 | D:9      | Found a runed translucent gate.
  8734 | D:9      | Found a runed translucent gate.
  8734 | D:9      | Found a runed translucent gate.
  8735 | D:9      | Noticed Exe's ghost (novice MiAc)
  8847 | D:9      | Reached skill level 15 in Maces & Flails
  8939 | D:9      | Found Sennuh's Food Shoppe.
  9036 | Lair:1   | Entered Level 1 of the Lair of Beasts
  9199 | Lair:1   | Reached skill level 16 in Maces & Flails
  9429 | Lair:1   | Noticed Nergalle
  9440 | Lair:1   | Killed Nergalle
 10011 | Lair:2   | Reached skill level 17 in Maces & Flails
 10097 | Lair:2   | Reached XP level 12. HP: 96/96 MP: 15/15
 10206 | Lair:2   | Found a staircase to the Snake Pit.
 10206 | Lair:2   | Noticed a sphinx
 10216 | Lair:2   | Killed a sphinx
 10217 | Lair:2   | Reached skill level 18 in Maces & Flails
 10460 | Lair:2   | Found a staircase to the Shoals.
 10464 | Lair:2   | Found a runed door.
 11135 | Lair:3   | Noticed a seven-headed hydra
 11138 | Lair:3   | Killed a seven-headed hydra
 11649 | Lair:3   | Noticed a five-headed hydra
 11656 | Lair:3   | Killed a five-headed hydra
 11953 | Lair:3   | Got a bloodstained short sword
 11955 | Lair:3   | Identified the +3 short sword "Zyciruor" {drain, MP+9 Str+6
                  | Int+2 Dex-3} (You found it on level 3 of the Lair of
                  | Beasts)
 12588 | Lair:4   | Noticed a death yak
 12589 | Lair:4   | Noticed a death yak
 12589 | Lair:4   | Noticed a death yak
 12589 | Lair:4   | Noticed a death yak
 12591 | Lair:4   | Killed a death yak
 12592 | Lair:4   | Reached XP level 13. HP: 82/107 MP: 16/16
 13773 | Lair:5   | Found a staircase to the Elven Halls.
 13917 | Lair:5   | Reached ****** piety under Wu Jian
 14744 | Lair:6   | Entered Level 6 of the Lair of Beasts
 14967 | Lair:5   | Reached skill level 10 in Shields
 15018 | Lair:5   | Reached skill level 10 in Fighting
 15018 | Lair:5   | Reached skill level 10 in Armour
 15206 | Lair:6   | Found a runed translucent door.
 15382 | Lair:6   | Reached XP level 14. HP: 108/121 MP: 18/18
 15439 | Lair:6   | HP: 5/122 [spriggan rider/+0 spear (15)]
 15680 | Lair:6   | Noticed Burana's ghost (journeyman VSAc)
 15810 | Lair:6   | Reached skill level 10 in Dodging
 17528 | D:10     | Entered Level 10 of the Dungeon
 17755 | D:10     | Found Zehulidd's Assorted Antiques.
 19408 | D:11     | Reached XP level 15. HP: 132/132 MP: 20/20
 19746 | D:11     | Found Wymunk's Gadget Boutique.
 19878 | D:12     | Entered Level 12 of the Dungeon
 20269 | D:12     | Found a staircase to the Depths.
 20382 | D:12     | Identified the ring of Voaryf Qeolo {Fire rPois}
 21416 | D:12     | Found a gate to the Vaults.
 21618 | Orc      | Entered the Orcish Mines
 21618 | Orc      | Found a viscous altar of Jiyva.
 21618 | Orc      | Found a staircase to the Slime Pits.
 21639 | Orc      | Noticed an orc warlord
 21667 | Orc      | Slain by an orc warrior

Skill      XL: |  1  2  3  4  5  6  7  8  9 10 11 12 13 14 15 |
---------------+----------------------------------------------+-----
Armour         | 1 3 6 8 10 11 12 | 12.5
Fighting       | 2 6 8 10 11 12 | 12.5
Stealth        | 3 |  3.0
Maces & Flails | 2 3 5 6 7 11 13 17 18 | 18.0
Shields        | 2 6 8 10 11 12 | 12.5
Dodging        | 6 7 9 11 | 11.8
Evocations     | 3 6 8 9 |  9.0

Action                   |  1- 3 |  4- 6 |  7- 9 | 10-12 | 13-15 || total
-------------------------+-------+-------+-------+-------+-------++-------
Melee: Whip              |   106 |   106 |   347 |   694 |  1743 ||  2996
       Headbutt          |    15 |    17 |    57 |   169 |   325 ||   583
 Fire: Blowgun           |       |       |     2 |       |       ||     2
Throw: Stone             |     1 |     3 |     7 |     6 |       ||    17
       Tomahawk          |       |       |       |       |     1 ||     1
Invok: Heavenly Storm    |       |       |       |     3 |     6 ||     9
 Abil: Whirlwind         |    10 |    14 |    59 |   168 |   346 ||   597
       Lunge             |     5 |    10 |    20 |    27 |    72 ||   134
       Wall Jump         |       |       |     1 |     1 |     1 ||     3
       Serpent's Lash    |       |       |     1 |       |     2 ||     3
Evoke: Lightning rod     |       |       |       |     4 |       ||     4
       Wand              |       |       |       |     5 |       ||     5
       Fan of gales      |       |       |       |     1 |       ||     1
  Use: Scroll            |     4 |     5 |     6 |     4 |     7 ||    26
       Potion            |       |       |       |     2 |     4 ||     6
 Stab: Sleeping          |     5 |       |       |       |       ||     5
       Distracted        |       |       |     1 |       |       ||     1
       Invisible         |       |       |       |     1 |       ||     1
  Eat: Chunk             |     4 |     8 |    19 |    22 |    52 ||   105
       Ration            |       |       |     2 |     2 |     2 ||     6
Armor: Robe              |    23 |       |       |       |       ||    23
       Chain mail        |    19 |    41 |   123 |   148 |   301 ||   632
Dodge: Dodged            |    46 |    21 |    80 |    70 |   202 ||   419
Block: Medium shield     |       |    25 |   155 |   190 |   452 ||   822
       Reflection        |       |     2 |     5 |    15 |    22 ||    44
